 Dungeon Crawl Stone Soup version 0.24.0-123-gd5b16e6ec5 (webtiles) character file.

Game seed: 16628451649510155458, levelgen mode: deterministic

5257 soojishi the Fighter (level 10, -3/104 HPs)
             Began as an Ogre Wizard on Feb 4, 2020.
             Was an Elder of Okawaru.
             Slain by a killer bee (4 damage)
             ... on level 8 of the Dungeon.
             The game lasted 00:43:43 (12924 turns).

soojishi the Fighter (Ogre Wizard)                 Turns: 12924, Time: 00:43:44

Health: -3/104     AC:  6    Str: 18    XL:     10   Next: 62%
Magic:  5/21       EV:  9    Int: 19    God:    Okawaru [****..]
Gold:   382        SH:  0    Dex:  7    Spells: 13/24 levels left

rFire    . . .     SeeInvis .   K - +2 whip (elec)
rCold    . . .     Gourm    +   (no shield)
rNeg     . . .     Faith    .   n - +0 troll leather armour {Purgy}
rPois    .         Spirit   .   i - +1 hat
rElec    .         Reflect  .   (no cloak)
rCorr    +         Harm     .   (gloves unavailable)
MR       +....                  (boots unavailable)
Stlth    +.........             j - amulet of the gourmand
HPRegen  0.67/turn              y - ring of resist corrosion
MPRegen  0.17/turn              t - +2 ring of strength

@: lethally poisoned (-3 -> -13)
A: large, unfitting armour, tough skin 1
a: Heroism, Renounce Religion


You were on level 8 of the Dungeon.
You worshipped Okawaru.
Okawaru was greatly pleased with you.
You were not hungry.

You visited 1 branch of the dungeon, and saw 8 of its levels.
You also visited: Sewer and Ossuary.

You collected 382 gold pieces.

Inventory:

Hand Weapons
 p - a +1 whip of freezing
 A - a +0 war axe
 K - a +2 whip of electrocution (weapon)
Missiles
 E - 5 boomerangs (quivered)
 J - 13 poisoned darts
 L - a throwing net
Armour
 a - a +0 robe
 i - a +1 hat (worn)
 n - a +0 troll leather armour (worn) {Purgy}
Jewellery
 j - an amulet of the gourmand (around neck)
 m - an uncursed ring of flight
 t - a +2 ring of strength (right hand)
 y - a ring of resist corrosion (left hand)
Wands
 z - a wand of digging (3)
 I - a wand of flame (18)
Scrolls
 b - 3 scrolls of immolation
 h - 6 scrolls of remove curse
 q - a scroll of enchant armour {unknown}
 r - 3 scrolls of amnesia {unknown}
 s - 2 scrolls of fear {unknown}
 u - 2 scrolls of blinking {unknown}
 v - 3 scrolls of teleportation
 w - 2 scrolls of magic mapping
 C - a scroll of enchant weapon {unknown}
 D - 2 scrolls of fog {unknown}
 F - a scroll of noise {unknown}
 M - 7 scrolls of random uselessness {unknown}
 O - 3 scrolls of identify
Potions
 c - 3 potions of flight
 e - a potion of ambrosia {unknown}
 f - 5 potions of might
 g - 3 potions of magic
 k - 4 potions of curing
 l - a potion of invisibility {unknown}
 o - 2 potions of agility {unknown}
 x - 4 potions of degeneration {unknown}
 B - 5 potions of mutation {unknown}
 G - 2 potions of heal wounds {unknown}
 H - 4 potions of brilliance
Comestibles
 d - 20 rations


   Skills:
 * Level 8.1 Fighting
 + Level 5.2 Axes
 + Level 2.1 Throwing
 * Level 4.5 Armour
 - Level 1.7 Dodging
 - Level 1.4 Stealth
 + Level 7.8 Spellcasting
 + Level 4.5 Conjurations
 - Level 2.0 Summonings
 - Level 2.0 Translocations
 - Level 4.0 Fire Magic
 * Level 1.5 Air Magic
 * Level 1.5 Poison Magic
 * Level 5.2 Invocations
 - Level 1.0 Evocations


You had 13 spell levels left.
You knew the following spells:

 Your Spells              Type           Power        Failure   Level  Hunger
a - Magic Dart            Conj           ###.         1%          1    None
b - Blink                 Tloc           N/A          8%          2    None
c - Call Imp              Summ           ###.....     7%          2    None
d - Conjure Flame         Conj/Fire      ###.....     6%          3    #......
e - Mephitic Cloud        Conj/Pois/Air  ###.....     12%         3    #......

Your spell library contained the following spells:

 Spells                   Type           Power        Failure   Level  Hunger
 Slow                     Hex            #.......     17%         2    None


Dungeon Overview and Level Annotations

Branches:
Dungeon (8/15)             Temple (0/1) D:6            Lair (0/6) D:8
  Sewer (visited)         Ossuary (visited)

Altars:
Elyvilon
Fedhas
Gozag
Hepliaklqana
Kikubaaqudgha
Okawaru
Trog
Uskayaw
Vehumet
Wu Jian
Xom
Zin
The Shining One

Shops:
D:4 }   D:7 (

Annotations:
D:3 exclusion: downstairs
D:4 exclusion: downstairs
D:5 2 transporters, exclusion: downstairs, Gartch3's ghost, amateur SpEn


Innate Abilities, Weirdness & Mutations

You are too large for most types of armour.
You have tough skin. (AC +1)


Message History

* * * LOW HITPOINT WARNING * * *
You completely miss the killer bee.
You feel sick.
The killer bee stings you but does no damage.
The killer bee barely misses you.
You closely miss the killer bee.
You feel sick. The killer bee stings you.
* * * LOW HITPOINT WARNING * * *
The killer bee stings you.
* * * LOW HITPOINT WARNING * * *
You are more poisoned.
The killer bee poisons you!
You miss the killer bee.
You feel sick. The killer bee stings you!
* * * LOW HITPOINT WARNING * * *
The killer bee stings you.
* * * LOW HITPOINT WARNING * * *
You are more poisoned.
The killer bee poisons you!
You closely miss the killer bee.
* * * LOW HITPOINT WARNING * * *
You feel sick. The killer bee stings you.
You die...

#.######..#.....÷[(....(#
#......#.....####)#######
#.####.#.#...###.## #.#
#.......##.## ..#
###.##..#.## ### #......##
####..##### #...>....#
#.#.####@# #.#.# #y#
####.#.## #S#
#.......###.####### #
#.##.....÷†.......#
######.##.########..####****
..........#,,,+,,#..#,.+,,,*
######.####,8,*,,#..#..#,,,*
.# #.####,,,*,,#.†#..#,,,*


You could see a killer bee and an adder.

Vanquished Creatures
  Harold (D:8)
  Pikel (D:8)
  A hippogriff (D:8)
  A hungry ghost (D:8)
  2 wargs (D:8)
  2 water moccasins
  A black bear (D:8)
  Purgy (D:3)
  An orc warrior (D:8)
  A slave (D:8)
  An ice beast (D:7)
  2 sky beasts
  A phantom (D:7)
  2 centaurs
  A big kobold (D:7)
  2 bullfrogs (D:8)
  A scorpion (D:5)
  A wyvern skeleton (D:6)
  12 killer bees
  A wight (D:8)
  2 vampire bats (D:3)
  A crimson imp (D:3)
  4 jellies
  3 hounds
  A bullfrog zombie (D:8)
  A centaur skeleton (D:8)
  4 orc priests
  2 bullfrog skeletons
  9 orc wizards
  5 worker ants
  3 big kobold zombies (Ossuary)
  A hound zombie (D:5)
  5 mummies (Ossuary)
  4 worker ant zombies
  A howler monkey skeleton (D:8)
  A river rat (D:3)
  10 adders
  10 gnolls
  2 shadow imps
  2 oozes
  An adder zombie (D:5)
  4 worms
  2 dart slugs (D:2)
  3 leopard geckos
  27 orcs
  4 ball pythons
  6 bats
  4 bat skeletons (D:3)
  2 bat zombies (D:3)
  8 giant cockroaches
  16 goblins
  11 hobgoblins
  12 jackals
  12 kobolds
  A quokka (D:2)
  7 frilled lizards
  3 goblin zombies (Ossuary)
  A hobgoblin zombie (Ossuary)
  A kobold zombie (Ossuary)
  A quokka zombie (D:8)
  7 rats
240 creatures vanquished.

Vanquished Creatures (collateral kills)
  A hippogriff (D:7)
  A centaur (D:5)
  Robin (D:2)
  An adder (D:3)
  3 worms (D:3)
  A ball python (Sewer)
8 creatures vanquished.

Vanquished Creatures (others)
  A slave (D:8)
  6 plants (D:5)
7 creatures vanquished.

Grand Total: 255 creatures vanquished

Notes
Turn   | Place    | Note
-------+----------+-------------------------------------------
     0 | D:1      | soojishi the Ogre Wizard began the quest for the Orb.
     0 | D:1      | Reached XP level 1. HP: 16/16 MP: 5/5
   295 | D:1      | Reached XP level 2. HP: 23/24 MP: 0/7
   365 | D:1      | Learned a level 2 spell: Blink
   368 | D:1      | Learned a level 2 spell: Call Imp
   633 | D:1      | Reached skill level 1 in Conjurations
  1002 | D:1      | Reached skill level 1 in Translocations
  1032 | D:1      | Reached skill level 1 in Summonings
  1032 | D:1      | Reached XP level 3. HP: 19/32 MP: 1/9
  1872 | D:2      | Reached skill level 1 in Fighting
  2312 | D:2      | Reached XP level 4. HP: 41/41 MP: 7/10
  2687 | D:2      | Reached skill level 5 in Spellcasting
  2691 | D:2      | Noticed Robin
  2772 | D:2      | Reached XP level 5. HP: 49/49 MP: 1/12
  2886 | D:2      | Killed Robin
  2956 | D:2      | Learned a level 3 spell: Conjure Flame
  2975 | D:2      | Found a white marble altar of Elyvilon.
  3636 | D:3      | Reached skill level 2 in Fighting
  3922 | D:3      | Reached XP level 6. HP: 34/57 MP: 8/14
  4021 | D:3      | Found a glowing drain.
  4026 | Sewer    | Entered a sewer
  4090 | Sewer    | Learned a level 3 spell: Mephitic Cloud
  4141 | Sewer    | Noticed Purgy
  4286 | D:3      | Reached skill level 1 in Fire Magic
  4617 | D:3      | Killed Purgy
  4617 | D:3      | Reached skill level 3 in Fighting
  4672 | D:3      | You fall into a shaft and drop 2 floors!
  4672 | D:5      | Entered Level 5 of the Dungeon
  4694 | D:5      | Reached XP level 7. HP: 50/67 MP: 1/15
  4703 | D:5      | Found a transporter.
  4716 | D:5      | Found a bloodstained altar of Trog.
  4723 | D:4      | Found Dill's Gadget Boutique.
  5220 | D:3      | Found an ancient bone altar of Kikubaaqudgha.
  5243 | D:3      | Reached skill level 1 in Armour
  5793 | D:4      | Found an ornate altar of the Wu Jian Council.
  5794 | D:4      | Found a hide-covered altar of Uskayaw.
  5794 | D:4      | Found an iron altar of Okawaru.
  5795 | D:4      | Found a hazy altar of Hepliaklqana.
  5797 | D:4      | Found a radiant altar of Vehumet.
  5801 | D:4      | Became a worshipper of Warmaster Okawaru
  6293 | D:5      | Found a transporter.
  6363 | D:5      | Noticed Gartch3's ghost (amateur SpEn)
  6418 | D:5      | Reached skill level 4 in Fighting
  6508 | D:5      | Found a glowing golden altar of the Shining One.
  6706 | D:5      | Reached XP level 8. HP: 70/78 MP: 11/17
  7062 | D:5      | Reached skill level 1 in Axes
  8115 | D:6      | Found a staircase to the Ecumenical Temple.
  8127 | D:6      | Reached * piety under Okawaru
  8767 | D:5      | Reached skill level 5 in Fighting
  9170 | D:7      | Reached skill level 1 in Invocations
  9227 | D:7      | Found Zechak's Weapon Boutique.
  9283 | D:7      | Found a shimmering altar of Xom.
  9371 | D:7      | Noticed a hippogriff
  9385 | D:7      | Killed a hippogriff
  9385 | D:7      | Reached XP level 9. HP: 32/88 MP: 6/19
  9560 | D:7      | Found a blossoming altar of Fedhas.
  9678 | D:7      | Reached skill level 1 in Throwing
  9700 | D:7      | HP: 2/89 [killer bee (6)]
 10079 | D:7      | Reached ** piety under Okawaru
 10127 | D:7      | Reached skill level 6 in Fighting
 10206 | D:7      | Reached skill level 1 in Evocations
 10671 | D:8      | Noticed Harold
 10699 | D:8      | Killed Harold
 10713 | D:8      | Reached XP level 10. HP: 24/100 MP: 3/21
 10817 | D:8      | Reached skill level 7 in Fighting
 10858 | D:8      | Noticed Pikel
 10862 | D:8      | Reached *** piety under Okawaru
 10871 | D:8      | Found a sand-covered staircase.
 10909 | D:8      | Found a staircase to the Lair.
 10959 | Ossuary  | Entered an ossuary
 11369 | D:8      | Found a glowing silver altar of Zin.
 11369 | D:8      | Found an opulent altar of Gozag.
 11697 | D:8      | Killed Pikel
 11697 | D:8      | Reached skill level 5 in Axes
 11697 | D:8      | Reached skill level 1 in Air Magic
 11697 | D:8      | Reached skill level 1 in Poison Magic
 11860 | D:8      | Reached skill level 5 in Invocations
 12727 | D:8      | Reached skill level 8 in Fighting
 12903 | D:8      | Reached **** piety under Okawaru
 12923 | D:8      | HP: 2/104 [killer bee (5)]
 12924 | D:8      | Slain by a killer bee

Levels and vault maps discovered:
D:1:      giann_wishing_wells, layout_basic, solitary_fountain
D:2:      layout_loops_ring, nicolae_overflow_crystal_walls, first_ration,
          minmay_close_crescents, uniq_robin
D:3:      layout_basic, kennysheep_vampire_church, lightli_sewer_entry_pipes
D:4:      layout_rooms, minitemple, serial_shops, nicolae_shop_stone
D:5:      layout_basic, nicolae_tso_carved_into_rock,
          gammafunk_ghost_gnarly_gnolls, st_stairs_9, trog_three_pillars_becter
D:6:      layout_gridville, minmay_temple_entry_ruins, grunt_decor_mini_mirrors
D:7:      layout_loops_ring, serial_shops, nicolae_shop_behind_doors,
          basic_altar, fedhas_ov_isle_minmay
D:8:      kennysheep_windowed_halls, layout_loops_corners,
          grunt_temple_overflow_gold_and_silver, erik_lair_orcish_takeover,
          enter_ossuary_2, uniq_harold, uniq_pikel

Skill      XL: |  1  2  3  4  5  6  7  8  9 10 |
---------------+-------------------------------+-----
Spellcasting   | 4 5 6 7 |  7.8
Conjurations   | 1 2 3 4 |  4.5
Translocations | 1 2 |  2.0
Summonings     | 1 2 |  2.0
Fighting       | 1 2 3 4 5 6 8 |  8.1
Fire Magic     | 1 2 3 4 |  4.0
Armour         | 2 3 4 |  4.5
Axes           | 2 4 5 |  5.2
Invocations    | 1 4 5 |  5.2
Throwing       | 1 2 |  2.1
Evocations     | 1 |  1.0
Air Magic      | 1 |  1.5
Poison Magic   | 1 |  1.5
Dodging        | |  1.7
Stealth        | |  1.4

Action                   |  1- 3 |  4- 6 |  7- 9 | 10-12 || total
-------------------------+-------+-------+-------+-------++-------
Melee: Unarmed           |     3 |       |       |       ||     3
       Club              |    20 |       |       |       ||    20
       Whip              |       |   126 |    95 |    26 ||   247
       War axe           |       |       |   167 |   172 ||   339
       Punch             |       |       |       |     1 ||     1
Throw: Dart              |       |     6 |     3 |       ||     9
       Boomerang         |       |       |     9 |    33 ||    42
 Cast: Magic Dart        |   111 |   152 |   315 |    79 ||   657
       Call Imp          |       |     8 |    12 |       ||    20
       Blink             |       |     1 |     5 |     6 ||    12
       Conjure Flame     |       |       |     9 |     8 ||    17
       Mephitic Cloud    |       |       |     1 |     1 ||     2
Invok: Heroism           |       |       |     1 |     5 ||     6
Evoke: Wand              |       |       |    25 |       ||    25
  Use: Scroll            |       |     3 |     5 |     6 ||    14
       Potion            |       |       |     2 |     2 ||     4
 Stab: Sleeping          |       |       |     1 |       ||     1
  Eat: Chunk             |    13 |     7 |    18 |     7 ||    45
Armor: Robe              |    10 |    49 |       |       ||    59
       Troll leather arm |       |     2 |   240 |    87 ||   329
Dodge: Dodged            |    21 |   108 |   288 |   122 ||   539
